AoeStats
← benart

Arabia

508711658Analyzed
4v4 RM · 10d ago on Sep 23, 2026· 39m 4s· 8 players
Game mode
Random Map
Map size
Large (8 player)
Population
200
Speed
Normal
Resources
Standard
Victory
Conquest
Starting age
Dark Age
Ending age
Imperial Age
RankedLock teamsTeams togetherTeam positionsShared explorationLock speedFull tech treeHidden civsTurbo modeCheats
Victory
Defeat
🇩🇪 Ethiopians · Germany
1335
+11
🇩🇪 Persians · Germany
1311
+12
🇩🇪 Britons · Germany
1298
+12
🇩🇪 Franks · Germany
1257
+14
🇹🇷 Vietnamese · Türkiye
1241
-13
🇨🇱 Danes · Chile
1237
-13
🇺🇦 Sicilians · Ukraine
1215
-12
🇩🇪 Saxons · Germany
1181
-11
[BPGr] AynenOyle
7:29 Loom
9:52 Feudal Age
10:30 Double-Bit Axe
12:33 Horse Collar
15:35 Fletching
22:18 Castle Age
20:58 Gold Mining
21:45 Padded Archer Armor
23:10 Bow Saw
22:23 Crossbowman
23:06 Bodkin Arrow
26:11 Wheelbarrow
25:57 Leather Archer Armor
26:27 Ballistics
25:57 Heated Shot
31:01 Hand Cart
31:35 Thumb Ring
33:37 Heavy Plow
37:13 Imperial Age
35:16 Murder Holes
39:12 Bracer
40:14 Chemistry
Roy
3:25 Loom
11:15 Feudal Age
15:35 Castle Age
13:51 Double-Bit Axe
14:01 Horse Collar
15:28 Wheelbarrow
15:48 Crossbowman
22:56 Fletching
24:59 Padded Archer Armor
26:44 Ballistics
27:06 Squires
28:39 Scale Mail Armor
28:45 Gold Mining
32:11 Bodkin Arrow
36:08 Leather Archer Armor
36:48 Gambesons
Lucia Galan
6:58 Loom
9:09 Feudal Age
11:11 Double-Bit Axe
20:55 Castle Age
19:09 Gold Mining
21:11 Scale Mail Armor
21:22 Town Watch
22:07 Chain Mail Armor
32:48 Forging
35:20 Horse Collar
35:39 Fletching
36:03 Padded Archer Armor
36:29 Ballistics
only_mousee
6:06 Loom
26:18 Feudal Age
27:09 Feudal Age
30:12 Castle Age
28:48 Fletching
30:25 Pikeman
Trickshot
9:15 Feudal Age
7:30 Loom
10:12 Double-Bit Axe
36:31 Castle Age
37:12 Fletching
Spieler2
0:27 Loom
6:01 Loom
8:39 Feudal Age
9:05 Double-Bit Axe
11:05 Town Watch
19:09 Castle Age
17:36 Horse Collar
18:12 Bloodlines
18:47 Scale Barding Armor
20:38 Forging
22:13 Husbandry
25:55 Chain Barding Armor
32:59 Gold Mining
35:50 Wheelbarrow
39:22 Imperial Age
37:29 Iron Casting
benart
5:53 Loom
10:11 Feudal Age
11:04 Double-Bit Axe
17:13 Fletching
20:00 Wheelbarrow
24:04 Castle Age
22:17 Gold Mining
22:28 Padded Archer Armor
24:08 Crossbowman
24:44 Bodkin Arrow
25:11 Leather Archer Armor
34:27 Ballistics
34:50 Gold Shaft Mining
38:24 Imperial Age
36:35 Stone Mining
38:31 Arbalester
39:13 Bracer
39:44 Ring Archer Armor
Wilma Raiden I.
7:23 Loom
9:43 Feudal Age
10:21 Double-Bit Axe
26:00 Castle Age
25:09 Gold Mining
25:51 Scale Barding Armor
28:01 Chain Barding Armor
31:19 Forging
31:57 Gold Shaft Mining
35:53 Stone Mining
41:24 Imperial Age
39:31 Wheelbarrow
39:44 Iron Casting
Connection lost

Rejoining the realm…

Still unreachable

The connection could not be restored.

Session expired

The server has moved on; the page needs a fresh start.